 Dungeon Crawl Stone Soup version 0.16.0-18-g484a79e (webtiles) character file.

207 maniek23 the Poker (level 5, -14/41 HPs)
             Began as a Merfolk Skald on Mar 22, 2015.
             Killed by divine providence
             ... invoked by an orc priest
              (15 damage)
             ... on level 3 of the Dungeon.
             The game lasted 00:12:20 (3136 turns).

maniek23 the Poker (Merfolk Skald)                  Turns: 3136, Time: 00:12:21

Health: -14/41     AC:  4    Str: 13    XL:     5   Next: 85%
Magic:  0/9        EV: 12    Int: 14    God:
Gold:   55         SH:  0    Dex: 13    Spells: 2 memorised, 6 levels left

rFire  . . .     SeeInvis .     a - +0 spear
rCold  . . .     Clarity  .     b - +0 leather armour
rNeg   . . .     SustAb   .     (no shield)
rPois  .         Gourm    .     (no helmet)
rElec  .         Spirit   +     (no cloak)
rCorr  .         Warding  .     (no gloves)
rMut   .         Stasis   .     s - +0 pair of boots
MR     .....                    p - amulet of guardian spirit
Stlth  +.........               (no ring)
                                r - +2 ring of intelligence

@: very slightly contaminated, not resistant to hostile enchantments, very
unstealthy
A: change form in water, swift swim
a: no special abilities


You were on level 3 of the Dungeon.
You were very hungry.

You visited 1 branch of the dungeon, and saw 3 of its levels.

You collected 55 gold pieces.

Inventory:

Hand weapons
 a - a +0 spear (weapon)
Armour
 b - a +0 leather armour (worn)
 f - a +0 chain mail
 s - a +0 pair of boots (worn)
Jewellery
 p - an amulet of guardian spirit (around neck)
 r - a +2 ring of intelligence (left hand)
Scrolls
 g - a scroll of remove curse
 q - 5 scrolls of identify {unknown}
 t - a scroll of magic mapping {unknown}
 u - a scroll of amnesia {unknown}
 v - a scroll of random uselessness {unknown}
Potions
 e - a potion of agility {unknown}
 h - a potion of brilliance {unknown}
 i - a potion of haste {unknown}
 j - 2 potions of heal wounds {unknown}
 k - a potion of curing {unknown}
 l - a potion of magic {unknown}
 m - a potion of degeneration {unknown}
Books
 c - a book of Battle

   Spells                             Type                      Level
   a - Infusion                       Charms                       1
   b - Shroud of Golubria             Charms/Translocation         2
   c - Song of Slaying                Charms                       2
   d - Spectral Weapon                Hexes/Charms                 3
   e - Regeneration                   Charms/Necromancy            3
Comestibles
 d - a bread ration
 n - a slice of pizza
 o - 2 chunks of flesh


   Skills:
 + Level 3.0 Fighting
 * Level 5.0 Polearms
 + Level 1.5 Armour
 + Level 2.6 Dodging
 + Level 0.5 Stealth
 + Level 2.5 Spellcasting
 + Level 4.2 Charms
 + Level 0.1 Translocations


You had 6 spell levels left.
You knew the following spells:

 Your Spells              Type           Power        Failure   Level  Hunger
a - Infusion              Chrm           ##....       8%          1    #......
b - Shroud of Golubria    Chrm/Tloc      #.........   21%         2    ###....


Dungeon Overview and Level Annotations

Branches:
Dungeon (3/15)

Altars:
Okawaru


Message History

The orc closely misses you.
You closely miss the orc priest.
The orc priest is heavily wounded.
The orc priest hits you. The orc closely misses you.
You closely miss the orc priest.
The orc priest is heavily wounded.
The orc priest mumbles some strange prayers to Beogh against you.
Something smites you!
* * * LOW HITPOINT WARNING * * *
You barely miss the orc priest.
The orc priest is heavily wounded.
The orc closely misses you.
The orc priest hits you but does no damage.
You hit the orc priest but do no damage.
The orc priest is heavily wounded.
The orc hits you from afar with a trident.
* * * LOW HITPOINT WARNING * * *
The orc priest invokes the aid of Beogh against you.
Something smites you!
You die...

.S..........# #.... ...o........#
#.... ............## #....
...............# #####....
......####.####.# #...#.... ....
##.....##.## #...#.... .....
#)......#..#######........
.......#...)...#)...........#####
..........._...o@...........# #
#####..#......o#†...........#####
#..#.......#.....###...#..... #
##.....##...........#.....
####.####..###......#.....
...........# #......#.....
#####.####.# ##...#.##.###
#......# #......##.#
######.####........#


You could see an orc priest and an orc.

Vanquished Creatures
  An orc priest (D:3)
  8 adders
  A giant mite (D:3)
  A gnoll (D:1)
  2 worms (D:2)
  2 oozes
  7 orcs
  2 giant cockroaches (D:3)
  6 goblins
  12 hobgoblins
  6 jackals (D:2)
  6 kobolds
  A ball python (D:2)
  7 bats
  A giant gecko (D:3)
  2 giant newts
  7 rats
72 creatures vanquished.

Notes
Turn   | Place    | Note
--------------------------------------------------------------
     0 | D:1      | maniek23, the Merfolk Skald, began the quest for the Orb.
     0 | D:1      | Reached XP level 1. HP: 16/16 MP: 3/3
   163 | D:1      | Reached XP level 2. HP: 20/23 MP: 4/4
   374 | D:1      | Reached XP level 3. HP: 19/28 MP: 1/6
   422 | D:1      | Reached skill level 4 in Charms
   463 | D:1      | Learned a level 2 spell: Shroud of Golubria
  1321 | D:2      | Reached skill level 1 in Armour
  1321 | D:2      | Reached XP level 4. HP: 20/34 MP: 5/7
  2025 | D:3      | Reached XP level 5. HP: 20/40 MP: 5/9
  3074 | D:3      | Found an iron altar of Okawaru.
  3126 | D:3      | Reached skill level 5 in Polearms
  3136 | D:3      | HP: 1/41 [orc/trident (5)]
  3136 | D:3      | Killed from afar by an orc priest

Action                   |  1- 3 |  4- 6 || total
-------------------------+-------+-------++-------
Melee: Spear             |   154 |   245 ||   399
 Cast: Infusion          |     3 |       ||     3
       Shroud of Golubri |       |     4 ||     4
  Use: Scroll            |       |     3 ||     3
 Stab: Sleeping          |       |     1 ||     1
  Eat: Chunk             |     1 |     6 ||     7
